WCHLSIM.com - West Coast Hockey League
html PUBLIC "-//W3C//DTD XHTML 1.0 Transitional//EN" "http://www.w3.org/TR/xhtml1/DTD/xhtml1-transitional.dtd"> WCHL - Game 716 - UTAH ICE BEARS vs SAN JOSE BRONCOS

UTAH ICE BEARS vs SAN JOSE BRONCOS

Created - 29 janvier 2023 at 08:42

Goals
1 2 3 T
UTAH ICE BEARS 0 1 2 3
SAN JOSE BRONCOS 0 0 1 1
Shots
1 2 3 T
UTAH ICE BEARS 5 7 13 25
SAN JOSE BRONCOS 18 10 10 38

1st period

No Goal

Penalties :
MacKenzie Weegar (UTA) for Hooking (Minor) at 9:04, Tucker Poolman (UTA) for Holding (Minor) at 17:22

2nd period

1. UTAH ICE BEARS , Alexander Barabanov 17 (Matthew Beniers 21, Lucas Raymond 17) at 15:40

Penalties :
MacKenzie Weegar (UTA) for Tripping (Minor) at 2:40

3rd period

2. UTAH ICE BEARS , Matthew Beniers 12 (Lucas Raymond 18, Mark Pysyk 5) at 2:22
3. UTAH ICE BEARS , Matthew Beniers 13 (Lucas Raymond 19, Alexander Barabanov 21) at 4:16
4. SAN JOSE BRONCOS , Cole Caufield 6 (Elias Lindholm 18) at 15:04

Penalties :
Jan Rutta (SJO) for Tripping (Minor) at 17:14

Goalie Stats

Connor Ingram (UTA), 37 saves from 38 shots - (0,974), W, 10-1-0, 60:00 minutes
John Gibson (SJO), 22 saves from 25 shots - (0,880), L, 11-13-2, 60:00 minutes

Players Stats for UTAH ICE BEARS

Player Name              G  A  P  +/- PIM S  H  SB GA TA FO     MP     PP MP  PK MP  
------------------------------------------------------------------------------------
Alexander Barabanov      1  1  2   3  0   3  0  0  0  0  0/3    17:49   1:02   0:00 
Andrew Mangiapane        0  0  0   0  0   6  2  0  0  0  0/0    19:12   0:57   0:00 
Andrew Peeke             0  0  0   0  0   1  2  0  0  0  0/0    22:46   0:57   3:50 
Blake Lizotte            0  0  0   0  0   0  0  0  0  0  7/12    8:42   0:00   3:44 
Bowen Byram              0  0  0   0  0   0  1  0  0  0  0/0    20:10   1:02   0:10 
Evgeni Malkin            0  0  0   0  0   5  1  0  0  0  18/30  19:12   0:57   0:00 
Kyle Okposo              0  0  0  -1  0   0  1  0  0  0  1/1    12:04   0:00   0:00 
Lucas Raymond            0  3  3   3  0   0  2  0  0  0  0/0    17:49   1:02   0:00 
MacKenzie Weegar         0  0  0  -1  4   1  2  0  0  0  0/0    20:21   1:02   0:39 
Mark Pysyk               0  1  1   3  0   0  0  2  0  0  0/0    17:30   0:00   2:07 
Matias Maccelli          0  0  0   0  0   1  1  0  0  0  2/2    19:12   0:57   0:00 
Matthew Beniers          2  1  3   3  0   2  2  0  0  0  9/15   17:49   1:02   0:00 
Nicholas Paul            0  0  0  -1  0   3  1  0  0  0  10/15  12:04   0:00   0:00 
Ross Colton              0  0  0   0  0   2  0  0  0  0  1/1     7:11   0:00   2:13 
Rudolfs Balcers          0  0  0  -1  0   1  1  1  0  0  0/2    14:17   0:00   2:13 
T.J. Brodie              0  0  0  -1  0   0  1  1  0  0  0/0    22:30   0:57   3:50 
Tucker Poolman           0  0  0   3  2   0  1  1  0  0  0/0    16:40   0:00   1:18 
Zachary Sanford          0  0  0   0  0   0  0  0  0  0  0/1     8:42   0:00   3:44 

Players Stats for SAN JOSE BRONCOS

Player Name              G  A  P  +/- PIM S  H  SB GA TA FO     MP     PP MP  PK MP  
------------------------------------------------------------------------------------
Adam Beckman             0  0  0   0  0   0  4  0  0  0  0/0    13:39   0:00   0:00 
Adam Pelech              0  0  0  -1  0   1  3  2  0  0  0/0    21:33   2:20   1:19 
Brayden Point            0  0  0  -1  0   5  1  0  0  0  9/21   16:33   3:07   1:06 
Cole Caufield            1  0  1   0  0   2  3  0  0  0  0/1    16:46   3:07   0:00 
Danny DeKeyser           0  0  0   1  0   0  0  2  0  0  0/0    18:00   0:00   1:00 
Elias Lindholm           0  1  1   0  0   6  0  0  0  0  13/20  17:52   3:07   1:06 
Ivan Barbashev           0  0  0  -1  0   0  1  0  0  0  0/0    16:03   2:50   0:53 
Jaccob Slavin            0  0  0  -2  0   2  0  2  0  0  0/0    20:47   3:37   0:00 
Jacob Middleton          0  0  0   0  0   1  2  0  0  0  0/0    13:22   0:00   0:19 
Jake Bean                0  0  0  -1  0   0  1  2  0  0  0/0    17:54   0:00   0:00 
Jan Rutta                0  0  0   1  2   0  3  0  0  0  0/0    19:19   2:20   0:00 
Jesper Bratt             0  0  0  -1  0   14 0  0  0  0  3/4    15:52   2:50   0:00 
Michael Raffl            0  0  0  -1  0   0  0  0  0  0  0/0    13:02   0:00   0:00 
Neal Pionk               0  0  0  -2  0   0  1  0  0  0  0/0    22:07   3:37   1:20 
Oliver Bjorkstrand       0  0  0  -1  0   6  0  0  0  0  0/0    12:20   0:00   0:00 
Rasmus Asplund           0  0  0   0  0   0  1  0  0  0  3/18   13:03   0:00   0:00 
Scott Harrington         0  0  0   0  0   0  1  0  0  0  0/2    13:03   0:00   0:00 
Tyler Motte              0  0  0  -1  0   1  0  0  0  0  6/16   16:45   2:50   0:53 

3 Stars

1 - Matthew Beniers (UTA)
2 - Connor Ingram (UTA)
3 - Lucas Raymond (UTA)

Power Play

UTAH ICE BEARS - 0 on 1 Attempt(s) - 0,00%
SAN JOSE BRONCOS - 0 on 3 Attempt(s) - 0,00%

Penalty Kill

UTAH ICE BEARS - 3 on 3 Attempt(s) - 100,00% - Score 0 goal in Penalty Kill
SAN JOSE BRONCOS - 1 on 1 Attempt(s) - 100,00% - Score 0 goal in Penalty Kill

Team Stat

UTAH ICE BEARS - Hits : 18 - Faceoff Wins : 48 - Blocked Shots : 5 - Penalty Minutes : 6
SAN JOSE BRONCOS - Hits : 21 - Faceoff Wins : 34 - Blocked Shots : 8 - Penalty Minutes : 2

Official

Referees : Wes McCauley and Reid Anderson
Linesman : Michel Cormier and Brian Murphy

Game Notes

No Game Note

Finance

Level 1 -- Attendance: 6005 (80,07%) -- Ticket Income 1 140 950 $
Level 2 -- Attendance: 5606 (93,43%) -- Ticket Income 728 780 $
Level 3 -- Attendance: 2209 (49,09%) -- Ticket Income 231 945 $
Level 4 -- Attendance: 4134 (68,90%) -- Ticket Income 330 720 $
Luxury Box -- Attendance: 1000 (100,00%) -- Ticket Income 325 000 $
Total Attendance: 18954 (75,82%)
Total Ticket Income: 2 757 395 $
Other Expense: 27 574 $
Total Income: 2 729 821 $

UTAH ICE BEARS

5 vs 5 Forward 
   Center                   Left Wing                Right Wing               Time % Phy DF OF 
 1 Evgeni Malkin            Matias Maccelli          Andrew Mangiapane        36     1   2  2  
 2 Matthew Beniers          Alexander Barabanov      Lucas Raymond            31     1   2  2  
 3 Nicholas Paul            Rudolfs Balcers          Kyle Okposo              23     1   2  2  
 4 Blake Lizotte            Zachary Sanford          Ross Colton              10     1   2  2  

5 vs 5 Defense 
   Defense                  Defense                                           Time % Phy DF OF 
 1 MacKenzie Weegar         T.J. Brodie                                       36     1   2  2  
 2 Bowen Byram              Andrew Peeke                                      31     1   2  2  
 3 Mark Pysyk               Tucker Poolman                                    23     1   2  2  
 4 Bowen Byram              Andrew Peeke                                      10     1   2  2  

PowerPlay Forward 
   Center                   Left Wing                Right Wing               Time % Phy DF OF 
 1 Evgeni Malkin            Matias Maccelli          Andrew Mangiapane        55     1   1  3  
 2 Matthew Beniers          Alexander Barabanov      Lucas Raymond            45     1   1  3  

PowerPlay Defense
   Defense                  Defense                                           Time % Phy DF OF 
 1 MacKenzie Weegar         Bowen Byram                                       55     1   2  2  
 2 T.J. Brodie              Andrew Peeke                                      45     1   2  2  

Penalty Kill 4 Players Forward 
   Center                   Wing                     Time % Phy DF OF 
 1 Blake Lizotte            Zachary Sanford          55     1   2  2  
 2 Ross Colton              Rudolfs Balcers          45     1   2  2  

Penalty Kill 4 Players Defense
   Defense                  Defense                  Time % Phy DF OF 
 1 Tucker Poolman           Mark Pysyk               55     1   2  2  
 2 T.J. Brodie              Andrew Peeke             45     1   2  2  

Penalty Kill - 3 Players Forward 
   Forward                                           Time % Phy DF OF 
 1 Blake Lizotte                                     55     1   2  2  
 2 Nicholas Paul                                     45     1   2  2  

Penalty Kill - 3 Players Defense
   Defense                  Defense                  Time % Phy DF OF 
 1 Tucker Poolman           T.J. Brodie              55     1   2  2  
 2 Mark Pysyk               Andrew Peeke             45     1   2  2  

4 vs 4 Forward 
   Center                   Wing                     Time % Phy DF OF 
 1 Blake Lizotte            Kyle Okposo              55     1   2  2  
 2 Matthew Beniers          Alexander Barabanov      45     1   2  2  

4 vs 4 Defense
   Defense                  Defense                  Time % Phy DF OF 
 1 MacKenzie Weegar         T.J. Brodie              55     1   2  2  
 2 Mark Pysyk               Andrew Peeke             45     1   2  2  

Last Minutes Offensive
   Center                   Left Wing                Right Wing               Defense                  Defense                  
   Matthew Beniers          Kyle Okposo              Andrew Mangiapane        MacKenzie Weegar         T.J. Brodie              

Last Minutes Defensive
   Center                   Left Wing                Right Wing               Defense                  Defense                  
   Blake Lizotte            Rudolfs Balcers          Kyle Okposo              MacKenzie Weegar         T.J. Brodie              

Goaltenders
Starting : Connor Ingram            
Backup : Thatcher Demko           

Extra Forwards
Normal : Kyle Okposo, Lucas Raymond, Nicholas Paul - PP : Rudolfs Balcers, Ross Colton - PK : Nicholas Paul
Extra Defensemen
Normal : Mark Pysyk, MacKenzie Weegar, T.J. Brodie - PP : Mark Pysyk - PK : Andrew Peeke, MacKenzie Weegar
Penalty Shots
Lucas Raymond, Matthew Beniers, Evgeni Malkin, Alexander Barabanov, Nicholas Paul
Custom OT Lines Forwards
Lucas Raymond, Andrew Mangiapane, Matias Maccelli, Alexander Barabanov, Matthew Beniers, Ross Colton, Evgeni Malkin, Blake Lizotte, Nicholas Paul, Kyle Okposo
Custom OT Lines Defensemen
MacKenzie Weegar, T.J. Brodie, Bowen Byram, Andrew Peeke, Mark Pysyk

Scratches
Artem Zub (Back Spasms Injury), Casey Mittelstadt (Healthy), Leo Komarov (Healthy), Radim Simek (Healthy), Troy Stecher (Healthy)

SAN JOSE BRONCOS

5 vs 5 Forward 
   Center                   Left Wing                Right Wing               Time % Phy DF OF 
 1 Brayden Point            Ivan Barbashev           Oliver Bjorkstrand       25     1   2  2  
 2 Elias Lindholm           Adam Beckman             Cole Caufield            25     1   2  2  
 3 Tyler Motte              Michael Raffl            Jesper Bratt             25     1   2  2  
 4 Rasmus Asplund           Scott Harrington         Jacob Middleton          25     1   2  2  

5 vs 5 Defense 
   Defense                  Defense                                           Time % Phy DF OF 
 1 Jaccob Slavin            Neal Pionk                                        33     1   2  2  
 2 Adam Pelech              Jake Bean                                         33     1   2  2  
 3 Danny DeKeyser           Jan Rutta                                         33     1   2  2  
 4 Adam Pelech              Jaccob Slavin                                     1      1   2  2  

PowerPlay Forward 
   Center                   Left Wing                Right Wing               Time % Phy DF OF 
 1 Jesper Bratt             Ivan Barbashev           Tyler Motte              50     1   2  2  
 2 Elias Lindholm           Brayden Point            Cole Caufield            50     1   2  2  

PowerPlay Defense
   Defense                  Defense                                           Time % Phy DF OF 
 1 Jan Rutta                Adam Pelech                                       50     1   2  2  
 2 Jaccob Slavin            Neal Pionk                                        50     1   2  2  

Penalty Kill 4 Players Forward 
   Center                   Wing                     Time % Phy DF OF 
 1 Brayden Point            Elias Lindholm           50     1   2  2  
 2 Tyler Motte              Ivan Barbashev           50     1   2  2  

Penalty Kill 4 Players Defense
   Defense                  Defense                  Time % Phy DF OF 
 1 Danny DeKeyser           Adam Pelech              50     1   2  2  
 2 Neal Pionk               Jan Rutta                50     1   2  2  

Penalty Kill - 3 Players Forward 
   Forward                                           Time % Phy DF OF 
 1 Brayden Point                                     50     1   2  2  
 2 Elias Lindholm                                    50     1   2  2  

Penalty Kill - 3 Players Defense
   Defense                  Defense                  Time % Phy DF OF 
 1 Neal Pionk               Adam Pelech              50     1   2  2  
 2 Jaccob Slavin            Jan Rutta                50     1   2  2  

4 vs 4 Forward 
   Center                   Wing                     Time % Phy DF OF 
 1 Brayden Point            Tyler Motte              50     1   2  2  
 2 Ivan Barbashev           Elias Lindholm           50     1   2  2  

4 vs 4 Defense
   Defense                  Defense                  Time % Phy DF OF 
 1 Neal Pionk               Danny DeKeyser           50     1   2  2  
 2 Jan Rutta                Adam Pelech              50     1   2  2  

Last Minutes Offensive
   Center                   Left Wing                Right Wing               Defense                  Defense                  
   Brayden Point            Ivan Barbashev           Tyler Motte              Jaccob Slavin            Adam Pelech              

Last Minutes Defensive
   Center                   Left Wing                Right Wing               Defense                  Defense                  
   Brayden Point            Ivan Barbashev           Tyler Motte              Jaccob Slavin            Adam Pelech              

Goaltenders
Starting : John Gibson              
Backup : Hunter Shepard           

Extra Forwards
Normal : Tyler Motte, Elias Lindholm, Brayden Point - PP : Brayden Point, Elias Lindholm - PK : Brayden Point
Extra Defensemen
Normal : Jan Rutta, Neal Pionk, Adam Pelech - PP : Adam Pelech - PK : Adam Pelech, Jan Rutta
Penalty Shots
Ivan Barbashev, Brayden Point, Elias Lindholm, Cole Caufield, Tyler Motte
Custom OT Lines Forwards
Jesper Bratt, Tyler Motte, Brayden Point, Elias Lindholm, Ivan Barbashev, Oliver Bjorkstrand, Cole Caufield, Michael Raffl, Rasmus Asplund, Adam Beckman
Custom OT Lines Defensemen
Jake Bean, Jaccob Slavin, Adam Pelech, Jan Rutta, Neal Pionk

Scratches
Patrick Maroon (Healthy), Pierre-Edouard Bellemare (Healthy), Petr Mrazek (Healthy)

% Time on Ice - UTAH ICE BEARS

Lines # - Real PCT - Wanted PCT - Time Play
Normal Forward
1 - 35% - 36% - 18:15
2 - 32% - 31% - 16:47
3 - 23% - 23% - 12:04
4 - 10% - 10% - 4:58
Normal Defense
1 - 36% - 36% - 18:42
2 - 29% - 31% - 14:59
3 - 30% - 23% - 15:23
4 - 6% - 10% - 3:00
PP Forward
1 - 48% - 55% - 0:57
2 - 52% - 45% - 1:02
PP Defense
1 - 52% - 55% - 1:02
2 - 48% - 45% - 0:57
PK Forward
1 - 63% - 55% - 3:44
2 - 37% - 45% - 2:13
PK Defense
1 - 36% - 55% - 2:07
2 - 64% - 45% - 3:50
PK3 Forward
1 - 0% - 55%
2 - 0% - 45%
PK3 Defense
1 - 0% - 55%
2 - 0% - 45%
44 Forward
1 - 0% - 55%
2 - 0% - 45%
44 Defense
1 - 0% - 55%
2 - 0% - 45%
Last Minute Offensive  - 0:00
Last Minute Defensive  - 0:00
Total
Forward - 60:00
Defense - 60:00

% Time on Ice - SAN JOSE BRONCOS

Lines # - Real PCT - Wanted PCT - Time Play
Normal Forward
1 - 24% - 25% - 12:20
2 - 26% - 25% - 13:39
3 - 25% - 25% - 13:02
4 - 25% - 25% - 13:03
Normal Defense
1 - 33% - 33% - 17:10
2 - 34% - 33% - 17:54
3 - 33% - 33% - 17:00
4 - 0% - 1% - 0:00
PP Forward
1 - 48% - 50% - 2:50
2 - 52% - 50% - 3:07
PP Defense
1 - 39% - 50% - 2:20
2 - 61% - 50% - 3:37
PK Forward
1 - 55% - 50% - 1:06
2 - 45% - 50% - 0:53
PK Defense
1 - 7% - 50% - 0:08
2 - 93% - 50% - 1:51
PK3 Forward
1 - 0% - 50%
2 - 0% - 50%
PK3 Defense
1 - 0% - 50%
2 - 0% - 50%
44 Forward
1 - 0% - 50%
2 - 0% - 50%
44 Defense
1 - 0% - 50%
2 - 0% - 50%
Last Minute Offensive  - 0:00
Last Minute Defensive  - 0:00
Total
Forward - 60:00
Defense - 60:00

Play-by-Play

1st period


0:01 of 1st period - Evgeni Malkin wins face-off versus Brayden Point in neutral zone.
0:08 of 1st period - Shot by Evgeni Malkin.
0:08 of 1st period - Shot Misses the Net.
0:10 of 1st period - Shot by Evgeni Malkin.
0:10 of 1st period - Shot Blocked by Jaccob Slavin.
0:12 of 1st period - Shot by Evgeni Malkin.
0:12 of 1st period - Stopped by John Gibson with a rebound.
0:17 of 1st period - Icing by Neal Pionk.
0:18 of 1st period - Matthew Beniers wins face-off versus Brayden Point in SAN JOSE BRONCOS zone.
0:39 of 1st period - Shot by Brayden Point.
0:39 of 1st period - Stopped by Connor Ingram without a rebound.
0:40 of 1st period - Elias Lindholm wins face-off versus Nicholas Paul in UTAH ICE BEARS zone.
0:49 of 1st period - Shot by Cole Caufield.
0:49 of 1st period - Stopped by Connor Ingram with a rebound.
0:59 of 1st period - Shot by Elias Lindholm.
0:59 of 1st period - Stopped by Connor Ingram with a rebound.
1:16 of 1st period - Elias Lindholm is hit by Tucker Poolman and loses puck.
1:25 of 1st period - Adam Pelech is hit by Kyle Okposo and loses puck.
1:52 of 1st period - Shot by Tyler Motte.
1:52 of 1st period - Shot Misses the Net.
1:54 of 1st period - Shot by Tyler Motte.
1:54 of 1st period - Shot Misses the Net.
2:10 of 1st period - Shot by Jesper Bratt.
2:10 of 1st period - Stopped by Connor Ingram without a rebound.
2:11 of 1st period - Evgeni Malkin wins face-off versus Rasmus Asplund in UTAH ICE BEARS zone.
2:25 of 1st period - Shot by Andrew Mangiapane.
2:25 of 1st period - Stopped by John Gibson without a rebound.
2:26 of 1st period - Brayden Point wins face-off versus Alexander Barabanov in SAN JOSE BRONCOS zone.
2:43 of 1st period - Shot by Brayden Point.
2:43 of 1st period - Shot Misses the Net.
3:31 of 1st period - Shot by Jacob Middleton.
3:31 of 1st period - Stopped by Connor Ingram without a rebound.
3:32 of 1st period - Tyler Motte wins face-off versus Evgeni Malkin in UTAH ICE BEARS zone.
3:36 of 1st period - Jesper Bratt is hit by T.J. Brodie and loses puck.
3:56 of 1st period - Evgeni Malkin is hit by Adam Pelech and loses puck.
4:14 of 1st period - Shot by Evgeni Malkin.
4:14 of 1st period - Shot Blocked by Jake Bean.
4:33 of 1st period - Icing by Jacob Middleton.
4:34 of 1st period - Blake Lizotte wins face-off versus Rasmus Asplund in SAN JOSE BRONCOS zone.
6:07 of 1st period - Elias Lindholm is hit by Lucas Raymond and loses puck.
6:54 of 1st period - Jesper Bratt is hit by MacKenzie Weegar and loses puck.
7:10 of 1st period - Shot by Jesper Bratt.
7:10 of 1st period - Stopped by Connor Ingram without a rebound.
7:11 of 1st period - Brayden Point wins face-off versus Nicholas Paul in UTAH ICE BEARS zone.
7:13 of 1st period - Oliver Bjorkstrand is hit by Andrew Peeke.
7:42 of 1st period - Shot by Rudolfs Balcers.
7:42 of 1st period - Stopped by John Gibson without a rebound.
7:43 of 1st period - Matthew Beniers wins face-off versus Tyler Motte in SAN JOSE BRONCOS zone.
8:00 of 1st period - Shot by Jesper Bratt.
8:00 of 1st period - Stopped by Connor Ingram with a rebound.
8:02 of 1st period - Shot by Jesper Bratt.
8:02 of 1st period - Deflect By Tyler Motte.
8:02 of 1st period - Shot Misses the Net.
8:55 of 1st period - Shot by Evgeni Malkin.
8:55 of 1st period - Stopped by John Gibson without a rebound.
8:56 of 1st period - Evgeni Malkin wins face-off versus Rasmus Asplund in SAN JOSE BRONCOS zone.
9:04 of 1st period - Minor Penalty to MacKenzie Weegar for Hooking.
9:05 of 1st period - Elias Lindholm wins face-off versus Blake Lizotte in UTAH ICE BEARS zone.
9:14 of 1st period - Shot by Elias Lindholm.
9:14 of 1st period - Stopped by Connor Ingram without a rebound.
9:15 of 1st period - Blake Lizotte wins face-off versus Elias Lindholm in UTAH ICE BEARS zone.
9:15 of 1st period - Blake Lizotte is hit by Brayden Point.
9:30 of 1st period - T.J. Brodie is hit by Cole Caufield and loses puck.
9:37 of 1st period - Shot by Jaccob Slavin.
9:37 of 1st period - Shot Misses the Net.
9:39 of 1st period - Shot by Jaccob Slavin.
9:39 of 1st period - Stopped by Connor Ingram without a rebound.
9:40 of 1st period - Jesper Bratt wins face-off versus Rudolfs Balcers in UTAH ICE BEARS zone.
9:47 of 1st period - Shot by Jesper Bratt.
9:47 of 1st period - Stopped by Connor Ingram with a rebound.
9:49 of 1st period - Shot by Adam Pelech.
9:49 of 1st period - Shot Blocked by Tucker Poolman.
9:57 of 1st period - Shot by Tyler Motte.
9:57 of 1st period - Shot Blocked by Rudolfs Balcers.
9:59 of 1st period - Shot by Jesper Bratt.
9:59 of 1st period - Shot Misses the Net.
10:01 of 1st period - Shot by Jesper Bratt.
10:01 of 1st period - Shot Misses the Net.
10:03 of 1st period - Shot by Jesper Bratt.
10:03 of 1st period - Stopped by Connor Ingram without a rebound.
10:04 of 1st period - Blake Lizotte wins face-off versus Brayden Point in UTAH ICE BEARS zone.
10:04 of 1st period - Blake Lizotte is hit by Cole Caufield.
11:22 of 1st period - Shot by Adam Pelech.
11:22 of 1st period - Stopped by Connor Ingram with a rebound.
11:35 of 1st period - Andrew Mangiapane is hit by Adam Pelech and loses puck.
11:50 of 1st period - Jacob Middleton is hit by Matias Maccelli and loses puck.
12:07 of 1st period - Shot by Alexander Barabanov.
12:07 of 1st period - Shot Hit the Post.
12:14 of 1st period - Off-side.
12:15 of 1st period - Nicholas Paul wins face-off versus Brayden Point in neutral zone.
12:36 of 1st period - Shot by Nicholas Paul.
12:36 of 1st period - Deflect By Kyle Okposo.
12:36 of 1st period - Shot Blocked by Danny DeKeyser.
12:38 of 1st period - Shot by Nicholas Paul.
12:38 of 1st period - Shot Misses the Net.
13:04 of 1st period - Icing by Jan Rutta.
13:05 of 1st period - Brayden Point wins face-off versus Matthew Beniers in SAN JOSE BRONCOS zone.
13:38 of 1st period - Shot by Cole Caufield.
13:38 of 1st period - Shot Misses the Net.
13:45 of 1st period - Off-side.
13:46 of 1st period - Evgeni Malkin wins face-off versus Tyler Motte in neutral zone.
13:53 of 1st period - Icing by Jesper Bratt.
13:54 of 1st period - Tyler Motte wins face-off versus Evgeni Malkin in SAN JOSE BRONCOS zone.
13:54 of 1st period - Tyler Motte is hit by Evgeni Malkin.
14:08 of 1st period - Shot by Jesper Bratt.
14:08 of 1st period - Stopped by Connor Ingram with a rebound.
14:28 of 1st period - Shot by Tyler Motte.
14:28 of 1st period - Stopped by Connor Ingram without a rebound.
14:29 of 1st period - Nicholas Paul wins face-off versus Elias Lindholm in UTAH ICE BEARS zone.
14:29 of 1st period - Nicholas Paul is hit by Adam Beckman.
14:42 of 1st period - MacKenzie Weegar is hit by Jan Rutta and loses puck.
15:03 of 1st period - Shot by Cole Caufield.
15:03 of 1st period - Deflect By Elias Lindholm.
15:03 of 1st period - Stopped by Connor Ingram without a rebound.
15:04 of 1st period - Brayden Point wins face-off versus Blake Lizotte in UTAH ICE BEARS zone.
15:28 of 1st period - Shot by Oliver Bjorkstrand.
15:28 of 1st period - Stopped by Connor Ingram without a rebound.
15:29 of 1st period - Evgeni Malkin wins face-off versus Rasmus Asplund in UTAH ICE BEARS zone.
15:29 of 1st period - MacKenzie Weegar is hit by Scott Harrington and loses puck.
15:58 of 1st period - Shot by Jake Bean.
15:58 of 1st period - Shot Blocked by T.J. Brodie.
16:31 of 1st period - Matthew Beniers is hit by Jan Rutta and loses puck.
16:50 of 1st period - Shot by Alexander Barabanov.
16:50 of 1st period - Shot Misses the Net.
16:52 of 1st period - Shot by Andrew Peeke.
16:52 of 1st period - Stopped by John Gibson without a rebound.
16:53 of 1st period - Brayden Point wins face-off versus Rudolfs Balcers in SAN JOSE BRONCOS zone.
16:57 of 1st period - Icing by Oliver Bjorkstrand.
16:58 of 1st period - Nicholas Paul wins face-off versus Brayden Point in SAN JOSE BRONCOS zone.
17:22 of 1st period - Minor Penalty to Tucker Poolman for Holding.
17:23 of 1st period - Blake Lizotte wins face-off versus Elias Lindholm in UTAH ICE BEARS zone.
18:22 of 1st period - Shot by Tyler Motte.
18:22 of 1st period - Shot Misses the Net.
18:24 of 1st period - Shot by Jesper Bratt.
18:24 of 1st period - Shot Blocked by Mark Pysyk.
18:26 of 1st period - Shot by Ivan Barbashev.
18:26 of 1st period - Shot Misses the Net.
18:32 of 1st period - Shot by Jesper Bratt.
18:32 of 1st period - Stopped by Connor Ingram without a rebound.
18:33 of 1st period - Ross Colton wins face-off versus Jesper Bratt in UTAH ICE BEARS zone.
19:24 of 1st period - Icing by T.J. Brodie.
19:25 of 1st period - Evgeni Malkin wins face-off versus Elias Lindholm in UTAH ICE BEARS zone.
19:44 of 1st period - Shot by Elias Lindholm.
19:44 of 1st period - Stopped by Connor Ingram without a rebound.
19:45 of 1st period - Matthew Beniers wins face-off versus Rasmus Asplund in UTAH ICE BEARS zone.
19:45 of 1st period - Matthew Beniers is hit by Jacob Middleton.
Goals for this period are 0 for UTAH ICE BEARS vs 0 for SAN JOSE BRONCOS.
Shots for this period are 5 for UTAH ICE BEARS vs 18 for SAN JOSE BRONCOS.

2nd period


0:01 of 2nd period - Tyler Motte wins face-off versus Evgeni Malkin in neutral zone.
0:28 of 2nd period - Shot by Jesper Bratt.
0:28 of 2nd period - Stopped by Connor Ingram with a rebound.
0:42 of 2nd period - Shot by Evgeni Malkin.
0:42 of 2nd period - Shot Misses the Net.
1:32 of 2nd period - Shot by Lucas Raymond.
1:32 of 2nd period - Shot Misses the Net.
1:34 of 2nd period - Shot by Alexander Barabanov.
1:34 of 2nd period - Shot Blocked by Danny DeKeyser.
2:27 of 2nd period - Icing by Rudolfs Balcers.
2:28 of 2nd period - Nicholas Paul wins face-off versus Rasmus Asplund in UTAH ICE BEARS zone.
2:40 of 2nd period - Minor Penalty to MacKenzie Weegar for Tripping.
2:41 of 2nd period - Jesper Bratt wins face-off versus Zachary Sanford in UTAH ICE BEARS zone.
3:06 of 2nd period - Shot by Jesper Bratt.
3:06 of 2nd period - Stopped by Connor Ingram without a rebound.
3:07 of 2nd period - Elias Lindholm wins face-off versus Blake Lizotte in UTAH ICE BEARS zone.
3:30 of 2nd period - Shot by Brayden Point.
3:30 of 2nd period - Shot Blocked by Mark Pysyk.
3:32 of 2nd period - Shot by Adam Pelech.
3:32 of 2nd period - Shot Misses the Net.
4:18 of 2nd period - Jesper Bratt is hit by Andrew Peeke and loses puck.
4:31 of 2nd period - Shot by Jesper Bratt.
4:31 of 2nd period - Shot Misses the Net.
4:33 of 2nd period - Shot by Jaccob Slavin.
4:33 of 2nd period - Stopped by Connor Ingram with a rebound.
4:35 of 2nd period - Shot by Neal Pionk.
4:35 of 2nd period - Shot Misses the Net.
4:52 of 2nd period - Off-side.
4:53 of 2nd period - Matthew Beniers wins face-off versus Rasmus Asplund in neutral zone.
4:56 of 2nd period - Shot by Matthew Beniers.
4:56 of 2nd period - Shot Misses the Net.
5:04 of 2nd period - Matthew Beniers is hit by Jacob Middleton and loses puck.
5:51 of 2nd period - Off-side.
5:52 of 2nd period - Evgeni Malkin wins face-off versus Tyler Motte in neutral zone.
6:02 of 2nd period - Icing by Jesper Bratt.
6:03 of 2nd period - Nicholas Paul wins face-off versus Tyler Motte in SAN JOSE BRONCOS zone.
6:33 of 2nd period - Shot by Kyle Okposo.
6:33 of 2nd period - Shot Misses the Net.
7:17 of 2nd period - Shot by Oliver Bjorkstrand.
7:17 of 2nd period - Deflect By Brayden Point.
7:17 of 2nd period - Shot Misses the Net.
7:39 of 2nd period - Shot by Oliver Bjorkstrand.
7:39 of 2nd period - Stopped by Connor Ingram with a rebound.
8:31 of 2nd period - Shot by Elias Lindholm.
8:31 of 2nd period - Stopped by Connor Ingram without a rebound.
8:32 of 2nd period - Rasmus Asplund wins face-off versus Blake Lizotte in UTAH ICE BEARS zone.
9:30 of 2nd period - Shot by Jesper Bratt.
9:30 of 2nd period - Stopped by Connor Ingram with a rebound.
9:41 of 2nd period - Shot by Jesper Bratt.
9:41 of 2nd period - Stopped by Connor Ingram without a rebound.
9:42 of 2nd period - Nicholas Paul wins face-off versus Brayden Point in UTAH ICE BEARS zone.
9:47 of 2nd period - Nicholas Paul is hit by Ivan Barbashev and loses puck.
9:54 of 2nd period - Shot by Brayden Point.
9:54 of 2nd period - Stopped by Connor Ingram without a rebound.
9:55 of 2nd period - Matias Maccelli wins face-off versus Cole Caufield in UTAH ICE BEARS zone.
9:55 of 2nd period - Matias Maccelli is hit by Adam Beckman.
10:09 of 2nd period - Neal Pionk is hit by Andrew Mangiapane and loses puck.
10:58 of 2nd period - Brayden Point is hit by Andrew Mangiapane and loses puck.
11:14 of 2nd period - Icing by Jan Rutta.
11:15 of 2nd period - Nicholas Paul wins face-off versus Brayden Point in SAN JOSE BRONCOS zone.
13:18 of 2nd period - Icing by Tucker Poolman.
13:19 of 2nd period - Elias Lindholm wins face-off versus Alexander Barabanov in UTAH ICE BEARS zone.
13:51 of 2nd period - Icing by Andrew Peeke.
13:52 of 2nd period - Evgeni Malkin wins face-off versus Scott Harrington in UTAH ICE BEARS zone.
14:01 of 2nd period - Shot by Evgeni Malkin.
14:01 of 2nd period - Shot Blocked by Adam Pelech.
14:03 of 2nd period - Shot by Andrew Mangiapane.
14:03 of 2nd period - Shot Misses the Net.
14:43 of 2nd period - Shot by Ross Colton.
14:43 of 2nd period - Stopped by John Gibson without a rebound.
14:44 of 2nd period - Blake Lizotte wins face-off versus Tyler Motte in SAN JOSE BRONCOS zone.
15:03 of 2nd period - Shot by Ross Colton.
15:03 of 2nd period - Shot Misses the Net.
15:21 of 2nd period - Shot by Ross Colton.
15:21 of 2nd period - Stopped by John Gibson without a rebound.
15:22 of 2nd period - Matthew Beniers wins face-off versus Brayden Point in SAN JOSE BRONCOS zone.
15:22 of 2nd period - Matthew Beniers is hit by Neal Pionk.
15:36 of 2nd period - Shot by Matthew Beniers.
15:36 of 2nd period - Shot Misses the Net.
15:38 of 2nd period - Shot by Alexander Barabanov.
15:38 of 2nd period - Shot Misses the Net.
15:40 of 2nd period - Shot by Alexander Barabanov.
15:40 of 2nd period - Goal by Alexander Barabanov - UTAH ICE BEARS : 1 - SAN JOSE BRONCOS : 0.
15:41 of 2nd period - Evgeni Malkin wins face-off versus Elias Lindholm in neutral zone.
15:48 of 2nd period - Shot by Andrew Mangiapane.
15:48 of 2nd period - Stopped by John Gibson with a rebound.
15:50 of 2nd period - Shot by Andrew Mangiapane.
15:50 of 2nd period - Stopped by John Gibson without a rebound.
15:51 of 2nd period - Jesper Bratt wins face-off versus Matthew Beniers in SAN JOSE BRONCOS zone.
15:51 of 2nd period - Jesper Bratt is hit by Matthew Beniers.
16:19 of 2nd period - Jaccob Slavin is hit by Lucas Raymond and loses puck.
16:25 of 2nd period - Jesper Bratt is hit by MacKenzie Weegar and loses puck.
16:48 of 2nd period - Shot by Evgeni Malkin.
16:48 of 2nd period - Stopped by John Gibson without a rebound.
16:49 of 2nd period - Elias Lindholm wins face-off versus Evgeni Malkin in SAN JOSE BRONCOS zone.
17:28 of 2nd period - Evgeni Malkin is hit by Cole Caufield and loses puck.
17:59 of 2nd period - Shot by Brayden Point.
17:59 of 2nd period - Shot Misses the Net.
18:01 of 2nd period - Shot by Jake Bean.
18:01 of 2nd period - Shot Misses the Net.
18:03 of 2nd period - Shot by Adam Pelech.
18:03 of 2nd period - Shot Misses the Net.
18:07 of 2nd period - Shot by Brayden Point.
18:07 of 2nd period - Stopped by Connor Ingram without a rebound.
18:08 of 2nd period - Matthew Beniers wins face-off versus Rasmus Asplund in UTAH ICE BEARS zone.
18:25 of 2nd period - Shot by Lucas Raymond.
18:25 of 2nd period - Shot Misses the Net.
18:27 of 2nd period - Shot by Matthew Beniers.
18:27 of 2nd period - Shot Misses the Net.
18:29 of 2nd period - Shot by MacKenzie Weegar.
18:29 of 2nd period - Deflect By Alexander Barabanov.
18:29 of 2nd period - Stopped by John Gibson with a rebound.
18:45 of 2nd period - Shot by Lucas Raymond.
18:45 of 2nd period - Shot Blocked by Jaccob Slavin.
19:35 of 2nd period - Shot by Brayden Point.
19:35 of 2nd period - Shot Misses the Net.
19:37 of 2nd period - Shot by Brayden Point.
19:37 of 2nd period - Stopped by Connor Ingram without a rebound.
19:38 of 2nd period - Elias Lindholm wins face-off versus Evgeni Malkin in UTAH ICE BEARS zone.
19:39 of 2nd period - Shot by Jake Bean.
19:39 of 2nd period - Shot Misses the Net.
19:59 of 2nd period - Shot by Evgeni Malkin.
19:59 of 2nd period - Shot Blocked by Adam Pelech.
Goals for this period are 1 for UTAH ICE BEARS vs 0 for SAN JOSE BRONCOS.
Shots for this period are 7 for UTAH ICE BEARS vs 10 for SAN JOSE BRONCOS.

3rd period


0:01 of 3rd period - Evgeni Malkin wins face-off versus Tyler Motte in neutral zone.
0:10 of 3rd period - Shot by Evgeni Malkin.
0:10 of 3rd period - Shot Misses the Net.
1:08 of 3rd period - Adam Pelech is hit by Rudolfs Balcers and loses puck.
1:18 of 3rd period - Icing by T.J. Brodie.
1:19 of 3rd period - Kyle Okposo wins face-off versus Rasmus Asplund in UTAH ICE BEARS zone.
2:16 of 3rd period - Shot by Alexander Barabanov.
2:16 of 3rd period - Stopped by John Gibson with a rebound.
2:22 of 3rd period - Shot by Matthew Beniers.
2:22 of 3rd period - Goal by Matthew Beniers - UTAH ICE BEARS : 2 - SAN JOSE BRONCOS : 0.
2:23 of 3rd period - Evgeni Malkin wins face-off versus Brayden Point in neutral zone.
3:04 of 3rd period - Shot by Oliver Bjorkstrand.
3:04 of 3rd period - Stopped by Connor Ingram without a rebound.
3:05 of 3rd period - Blake Lizotte wins face-off versus Elias Lindholm in UTAH ICE BEARS zone.
3:23 of 3rd period - MacKenzie Weegar is hit by Adam Beckman and loses puck.
3:46 of 3rd period - Shot by Elias Lindholm.
3:46 of 3rd period - Stopped by Connor Ingram without a rebound.
3:47 of 3rd period - Matthew Beniers wins face-off versus Tyler Motte in UTAH ICE BEARS zone.
4:16 of 3rd period - Shot by Matthew Beniers.
4:16 of 3rd period - Goal by Matthew Beniers - UTAH ICE BEARS : 3 - SAN JOSE BRONCOS : 0.
4:17 of 3rd period - Matias Maccelli wins face-off versus Rasmus Asplund in neutral zone.
4:17 of 3rd period - Andrew Mangiapane is hit by Rasmus Asplund and loses puck.
4:55 of 3rd period - Evgeni Malkin is hit by Jan Rutta and loses puck.
5:17 of 3rd period - Rasmus Asplund is hit by Matthew Beniers and loses puck.
6:09 of 3rd period - Icing by Jan Rutta.
6:10 of 3rd period - Nicholas Paul wins face-off versus Rasmus Asplund in SAN JOSE BRONCOS zone.
6:21 of 3rd period - Shot by Kyle Okposo.
6:21 of 3rd period - Deflect By Nicholas Paul.
6:21 of 3rd period - Stopped by John Gibson without a rebound.
6:22 of 3rd period - Elias Lindholm wins face-off versus Evgeni Malkin in SAN JOSE BRONCOS zone.
7:45 of 3rd period - Shot by Brayden Point.
7:45 of 3rd period - Shot Misses the Net.
7:59 of 3rd period - Shot by Kyle Okposo.
7:59 of 3rd period - Shot Misses the Net.
8:01 of 3rd period - Shot by Mark Pysyk.
8:01 of 3rd period - Shot Misses the Net.
8:36 of 3rd period - Alexander Barabanov is hit by Jake Bean and loses puck.
8:46 of 3rd period - Lucas Raymond is hit by Adam Pelech and loses puck.
9:02 of 3rd period - Icing by T.J. Brodie.
9:03 of 3rd period - Elias Lindholm wins face-off versus Matthew Beniers in UTAH ICE BEARS zone.
9:37 of 3rd period - Icing by Jaccob Slavin.
9:38 of 3rd period - Elias Lindholm wins face-off versus Evgeni Malkin in SAN JOSE BRONCOS zone.
9:43 of 3rd period - Andrew Peeke is hit by Adam Beckman and loses puck.
11:30 of 3rd period - Icing by Tucker Poolman.
11:31 of 3rd period - Nicholas Paul wins face-off versus Brayden Point in UTAH ICE BEARS zone.
12:15 of 3rd period - Shot by Ross Colton.
12:15 of 3rd period - Shot Blocked by Jake Bean.
12:17 of 3rd period - Shot by MacKenzie Weegar.
12:17 of 3rd period - Stopped by John Gibson without a rebound.
12:18 of 3rd period - Rasmus Asplund wins face-off versus Evgeni Malkin in SAN JOSE BRONCOS zone.
12:23 of 3rd period - Shot by Jacob Middleton.
12:23 of 3rd period - Shot Misses the Net.
12:36 of 3rd period - Off-side.
12:37 of 3rd period - Tyler Motte wins face-off versus Alexander Barabanov in neutral zone.
13:00 of 3rd period - Shot by Jesper Bratt.
13:00 of 3rd period - Stopped by Connor Ingram without a rebound.
13:01 of 3rd period - Brayden Point wins face-off versus Evgeni Malkin in UTAH ICE BEARS zone.
13:16 of 3rd period - Shot by Oliver Bjorkstrand.
13:16 of 3rd period - Stopped by Connor Ingram without a rebound.
13:17 of 3rd period - Tyler Motte wins face-off versus Matthew Beniers in UTAH ICE BEARS zone.
13:40 of 3rd period - Shot by Jesper Bratt.
13:40 of 3rd period - Stopped by Connor Ingram with a rebound.
14:09 of 3rd period - Icing by Tucker Poolman.
14:10 of 3rd period - Brayden Point wins face-off versus Matthew Beniers in UTAH ICE BEARS zone.
14:28 of 3rd period - Shot by Oliver Bjorkstrand.
14:28 of 3rd period - Stopped by Connor Ingram without a rebound.
14:29 of 3rd period - Evgeni Malkin wins face-off versus Scott Harrington in UTAH ICE BEARS zone.
14:35 of 3rd period - Shot by Andrew Mangiapane.
14:35 of 3rd period - Stopped by John Gibson without a rebound.
14:36 of 3rd period - Evgeni Malkin wins face-off versus Rasmus Asplund in SAN JOSE BRONCOS zone.
14:41 of 3rd period - Shot by Andrew Mangiapane.
14:41 of 3rd period - Stopped by John Gibson without a rebound.
14:42 of 3rd period - Evgeni Malkin wins face-off versus Rasmus Asplund in SAN JOSE BRONCOS zone.
14:54 of 3rd period - Shot by Evgeni Malkin.
14:54 of 3rd period - Stopped by John Gibson with a rebound.
14:56 of 3rd period - Shot by Matias Maccelli.
14:56 of 3rd period - Stopped by John Gibson without a rebound.
14:57 of 3rd period - Elias Lindholm wins face-off versus Nicholas Paul in SAN JOSE BRONCOS zone.
15:04 of 3rd period - Shot by Cole Caufield.
15:04 of 3rd period - Goal by Cole Caufield - UTAH ICE BEARS : 3 - SAN JOSE BRONCOS : 1.
15:05 of 3rd period - Brayden Point wins face-off versus Evgeni Malkin in neutral zone.
15:10 of 3rd period - Shot by Brayden Point.
15:10 of 3rd period - Stopped by Connor Ingram without a rebound.
15:11 of 3rd period - Elias Lindholm wins face-off versus Evgeni Malkin in UTAH ICE BEARS zone.
15:50 of 3rd period - Icing by Jake Bean.
15:51 of 3rd period - Elias Lindholm wins face-off versus Nicholas Paul in SAN JOSE BRONCOS zone.
15:53 of 3rd period - Icing by Cole Caufield.
15:54 of 3rd period - Elias Lindholm wins face-off versus Nicholas Paul in SAN JOSE BRONCOS zone.
15:54 of 3rd period - Elias Lindholm is hit by Nicholas Paul.
15:57 of 3rd period - Icing by Jake Bean.
15:58 of 3rd period - Blake Lizotte wins face-off versus Elias Lindholm in SAN JOSE BRONCOS zone.
16:36 of 3rd period - Off-side.
16:37 of 3rd period - Evgeni Malkin wins face-off versus Rasmus Asplund in neutral zone.
16:42 of 3rd period - Shot by Andrew Mangiapane.
16:42 of 3rd period - Shot Hit the Post.
16:46 of 3rd period - Shot by Evgeni Malkin.
16:46 of 3rd period - Stopped by John Gibson without a rebound.
16:47 of 3rd period - Nicholas Paul wins face-off versus Brayden Point in SAN JOSE BRONCOS zone.
16:50 of 3rd period - Shot by Rudolfs Balcers.
16:50 of 3rd period - Deflect By Nicholas Paul.
16:50 of 3rd period - Stopped by John Gibson without a rebound.
16:51 of 3rd period - Evgeni Malkin wins face-off versus Rasmus Asplund in SAN JOSE BRONCOS zone.
16:54 of 3rd period - Shot by Andrew Mangiapane.
16:54 of 3rd period - Stopped by John Gibson without a rebound.
16:55 of 3rd period - Evgeni Malkin wins face-off versus Tyler Motte in SAN JOSE BRONCOS zone.
17:14 of 3rd period - Minor Penalty to Jan Rutta for Tripping.
17:15 of 3rd period - Matthew Beniers wins face-off versus Brayden Point in SAN JOSE BRONCOS zone.
18:34 of 3rd period - Shot by Elias Lindholm.
18:34 of 3rd period - Shot Misses the Net.
18:48 of 3rd period - Icing by Andrew Peeke.
18:49 of 3rd period - Evgeni Malkin wins face-off versus Tyler Motte in UTAH ICE BEARS zone.
19:11 of 3rd period - Off-side.
19:12 of 3rd period - Tyler Motte wins face-off versus Matthew Beniers in neutral zone.
19:31 of 3rd period - Shot by Rudolfs Balcers.
19:31 of 3rd period - Shot Misses the Net.
19:39 of 3rd period - Shot by Nicholas Paul.
19:39 of 3rd period - Stopped by John Gibson without a rebound.
19:40 of 3rd period - Matthew Beniers wins face-off versus Tyler Motte in SAN JOSE BRONCOS zone.
19:51 of 3rd period - Shot by Jesper Bratt.
19:51 of 3rd period - Stopped by Connor Ingram without a rebound.
19:52 of 3rd period - Brayden Point wins face-off versus Blake Lizotte in UTAH ICE BEARS zone.
19:53 of 3rd period - Shot by Oliver Bjorkstrand.
19:53 of 3rd period - Stopped by Connor Ingram without a rebound.
19:54 of 3rd period - Rasmus Asplund wins face-off versus Evgeni Malkin in UTAH ICE BEARS zone.
19:54 of 3rd period - Jacob Middleton is hit by Bowen Byram and loses puck.
Goals for this period are 2 for UTAH ICE BEARS vs 1 for SAN JOSE BRONCOS.
Shots for this period are 13 for UTAH ICE BEARS vs 10 for SAN JOSE BRONCOS.


SEBASTIAN
AHO
MARK
SCHEIFELE
JAKE
OETTINGER

EAST COAST

HOCKEY LEAGUE

  • 17.QUE3CHI2
  • 18.CHA2LIM4
  • 19.TRV3LON2
  • 20.CHW1BAL2
  • 21.PITMAN
  • 22.ATLNHW
  • 23.WORPET
  • 24.RHI